 Dungeon Crawl Stone Soup version 0.28.0-53-g5a82cb258f (webtiles) character file.

Game seed: 4817000158470445787

18 Zeld the Chopper (level 2, -5/27 HPs)
             Began as a Hill Orc Cinder Acolyte on May 27, 2022.
             Was a High Priest of Ignis.
             Slain by Sigmund
             ... wielding a +0 scythe
              (9 damage)
             ... on level 2 of the Dungeon.
             The game lasted 00:00:41 (1046 turns).

Zeld the Chopper (Hill Orc Cinder Acolyte)          Turns: 1046, Time: 00:00:42

Health: -5/27      AC:  2    Str: 16    XL:     2   Next: 66%
Magic:  3/3        EV: 11    Int: 14    God:    Ignis [*****.]
Gold:   21         SH:  0    Dex:  6    Spells: 3/3 levels left

rFire   + . .      SeeInvis .   a - -1 hand axe (flame)
rCold   . . .      Faith    .   (no shield)
rNeg    . . .      Spirit   .   b - +0 robe
rPois   .          Reflect  .   (no helmet)
rElec   .          Harm     .   (no cloak)
rCorr   .          Rampage  .   (no gloves)
Will    .....                   (no boots)
Stlth   +.........              (no amulet)
HPRegen 0.09/turn               (no ring)
MPRegen 0.08/turn               (no ring)

@: no status effects
A: no striking features
a: Renounce Religion, Fiery Armour, Foxfire Swarm, Rising Flame


You were on level 2 of the Dungeon.
You worshipped Ignis.
Ignis was extremely pleased with you.
You visited 1 branch of the dungeon, and saw 2 of its levels.

You collected 21 gold pieces.

Inventory:

Hand Weapons
 a - a -1 hand axe of flaming (weapon)
Armour
 b - a +0 robe (worn)
Scrolls
 d - a scroll of teleportation {unknown}
Potions
 c - a potion of curing {unknown}


   Skills:
 * Level 4.0 Fighting
 * Level 4.4 Axes
 + Level 1.1 Spellcasting
 + Level 3.4 Fire Magic


You had 3 spell levels left.
You didn't know any spells.
Your spell library contained the following spells:

 Spells                   Type           Power      Damage    Failure   Level
 Scorch                   Fire           20%        2d6       10%         2


Dungeon Overview and Level Annotations

Branches:
Dungeon (2/15)

Altars:

Annotations:
D:2 Jessica, Sigmund


Message History

Sigmund flickers and vanishes!
Deactivating autopickup; reactivate with Ctrl-A.
You are confused.
A puff of flame appears from out of thin air!
The puff of flame hits you. You resist.
You bump into the rock wall.
A ball python comes into view.
The ball python hisses angrily.
You feel less confused.
A magic dart appears from out of thin air!
The magic dart hits you!
You barely miss the ball python. The ball python closely misses you.
The ball python grabs you. The ball python constricts you.
The ball python barely misses you. The ball python constricts you.
You hit the ball python but do no damage.
The ball python bites you. The ball python constricts you.
You closely miss the ball python.
The ball python bites you but does no damage.
The ball python constricts you. Something hits you.
You hit the ball python. You burn the ball python.
You kill the ball python!
You hear some strange, mumbled words.
Something tries to affect you, but you resist.
You see here a ball python corpse.
You hear some strange, mumbled words.
Something tries to affect you, but you resist.
Jessica the Apprentice Sorceress comes into view.
She is wielding a +0 club.
Jessica shouts!
You hear a shout!
A kobold comes into view. It is wielding a +0 dagger.
Jessica hits you with a +0 club.
* * * LOW HITPOINT WARNING * * *
You hit Jessica but do no damage.
Jessica points at you and mumbles some strange words.
You barely resist. You hit Jessica. You burn Jessica.
Jessica is severely wounded.
Jessica hits you with a +0 club.
* * * LOW HITPOINT WARNING * * *
Something hits you!
You die...

####### #....!#
..################.....#
#....K@@.....†.........#
###..#############.....#
# #.....# #..{..#
#.....# #.....# #.....#
###.##. ........


You could see Jessica and a kobold.

Vanquished Creatures
  A dart slug (D:2)
  2 ball pythons (D:2)
  An endoplasm (D:1)
  A giant cockroach (D:1)
  2 goblins (D:1)
  4 jackals (D:1)
  A quokka (D:1)
  A rat (D:1)
13 creatures vanquished.

Notes
Turn   | Place    | Note
-------+----------+-------------------------------------------
     0 | D:1      | Zeld the Hill Orc Cinder Acolyte began the quest for the
                  | Orb.
     0 | D:1      | Reached XP level 1. HP: 19/19 MP: 2/2
   545 | D:2      | Reached XP level 2. HP: 27/27 MP: 3/3
   593 | D:2      | Noticed Sigmund
   617 | D:1      | HP: 1/27 [jackal (1)]
   622 | D:1      | HP: 1/27 [jackal (1)]
  1041 | D:2      | Noticed Jessica
  1046 | D:2      | Slain by Sigmund

Illustrated notes

Levels and vault maps discovered:
D:1:      dpeg_arrival_erosion, layout_loops_corners,
          shapermc_ecumenical_altar_pompeii
D:2:      layout_rooms, uniq_robin, uniq_sigmund, uniq_jessica

Skill      XL: |  1  2 |
---------------+-------+-----
Fighting       | 4 |  4.0
Axes           | |  4.4
Spellcasting   | |  1.1
Fire Magic     | |  3.4

Action                   || total
-------------------------++-------
Melee: Hand axe          ||    48
Armor: Robe              ||    12
Dodge: Dodged            ||    32
